Map: Blueshift LE

Players

PkRED

  • Race: Protoss Protoss
  • League: Diamond
  • Spawn Location: 1:00

SpaceOrc - Winner!

  • Race: Terran Terran
  • League: Diamond
  • Spawn Location: 7:00

VOD

Have the link to the VOD?

Description

Time

  • Played on: Oct. 7, 2018, 3:45 a.m.
  • Length: 9:33
Show
View Real Time Build Order
Export as new Build Order

PkRED Protoss 

Build Orders:  

Get SALT Encoding   

  12  0:00  Probe  
  13  0:13  Probe  
  14  0:17  Pylon  
  14  0:24  Probe  
  15  0:32  Probe  
  15  0:37  Gateway  
  15  0:40  Probe  
  17  0:51  Probe  
  17  0:53  Assimilator  
  18  1:01  Pylon  
  18  1:03  Probe  
  19  1:15  Probe  
  20  1:27  Probe  
  20  1:31  Cybernetics Core  
  21  1:39  Probe  
  22  1:52  Probe  
  23  1:55  Nexus  
  23  2:04  Probe  
  24  2:16  Warp Gate, Stalker, Probe  
  24  2:20  Assimilator  
  27  2:24  Pylon  
  27  2:29  Probe  
  28  2:37  Adept  
  28  2:41  Probe  
  29  2:48  Robotics Facility  
  31  2:53  Probe  
  31  2:54  Pylon  
  32  3:03  Stalker  
  34  3:08  Pylon  
  34  3:17  Probe  
  35  3:24  Probe  
  36  3:29  Probe  
  36  3:33  Probe  
  37  3:37  Probe  
  37  3:38  Observer  
  40  3:41  Probe  
  40  3:45  Probe  
  41  3:50  Probe  
  43  3:59  Probe  
  42  4:02  Assimilator  
  42  4:03  Probe  
  42  4:05  Immortal, Pylon  
  47  4:12  Probe  
  47  4:15  Probe  
  49  4:20  Stargate  
  49  4:22  Pylon  
  49  4:24  Probe  
  50  4:27  Probe  
  50  4:29  Gateway  
  51  4:32  Gateway  
  51  4:35  Assimilator, Immortal  
  51  4:36  Probe  
  51  4:38  Pylon  
  52  4:39  Probe  
  57  4:48  Probe  
  58  5:01  Probe x2  
  58  5:04  Phoenix  
  62  5:08  Immortal  
  62  5:13  Probe x2  
  68  5:25  Nexus  
  68  5:27  Pylon  
  68  5:30  Phoenix  
  70  5:39  Pylon  
  70  5:41  Zealot  
  72  5:43  Pylon  
  72  5:44  Pylon  
  72  5:46  Observer  
  72  5:48  Twilight Council  
  73  5:54  Probe  
  73  5:55  Probe  
  73  5:56  Pylon  
  75  6:05  Pylon  
  75  6:07  Observer  
  73  6:13  Probe x2  
  75  6:18  Phoenix  
  75  6:20  Immortal  
  75  6:24  Charge  
  81  6:34  Pylon  
  81  6:37  Phoenix  
  81  6:39  Probe x3  
  86  6:50  Immortal  
  86  6:54  Zealot x3  
  86  6:58  Phoenix  
  96  7:05  Probe x2  
  98  7:21  Immortal  
  98  7:23  Phoenix  
  91  7:42  Probe x2  
  93  7:48  Phoenix  
  95  7:55  Pylon x2  
  95  7:57  Immortal  
  95  8:04  Probe x2  
  100  8:13  Phoenix  
  100  8:14  Zealot x2  
  100  8:15  Zealot  
  78  8:36  Zealot x2  
  78  8:37  Zealot  
  78  8:38  Immortal, Phoenix  
Show
View Real Time Build Order
Export as new Build Order

SpaceOrc Terran - Winner!

Build Orders:  

Get SALT Encoding   

  12  0:01  SCV  
  13  0:13  SCV  
  14  0:22  Supply Depot  
  14  0:25  SCV  
  15  0:29  Refinery  
  15  0:43  SCV  
  15  0:46  Barracks  
  16  0:55  SCV  
  17  1:07  SCV  
  18  1:20  SCV  
  19  1:33  Barracks Reactor, Orbital Command  
  19  1:50  Command Center  
  19  1:58  SCV  
  20  2:04  Factory  
  20  2:10  SCV, Marine  
  22  2:22  Supply Depot  
  22  2:23  SCV  
  23  2:37  Bunker  
  23  2:43  Marine x2  
  23  2:44  SCV  
  26  2:46  Engineering Bay  
  26  2:47  Factory Tech Lab  
  26  2:56  SCV  
  27  3:01  Marine x2  
  27  3:05  Orbital Command  
  29  3:19  Marine x2  
  30  3:24  Siege Tank  
  33  3:28  Missile Turret, SCV  
  33  3:31  SCV  
  35  3:37  Marine x2  
  37  3:41  Refinery  
  37  3:44  SCV  
  38  4:08  Siege Tank, Marine x2  
  43  4:12  Factory  
  43  4:17  SCV  
  44  4:21  Refinery  
  44  4:26  Marine x2  
  44  4:29  Barracks  
  44  4:30  Barracks  
  46  4:31  Barracks  
  46  5:00  Missile Turret  
  46  5:03  Factory Tech Lab  
  46  5:08  Supply Depot  
  46  5:12  SCV x2, Marine x2, Siege Tank  
  53  5:22  Missile Turret  
  53  5:24  SCV  
  54  5:28  Barracks Reactor  
  54  5:29  Barracks Tech Lab x2  
  54  5:30  Marine, Siege Tank  
  54  5:34  Supply Depot  
  58  5:37  SCV x2  
  60  5:42  Supply Depot  
  60  5:46  Missile Turret  
  60  5:47  Siege Tank  
  60  5:49  SCV  
  64  6:02  Siege Tank  
  67  6:09  SCV  
  67  6:10  Missile Turret  
  68  6:13  Terran Infantry Weapons Level 1  
  68  6:14  Marine x2, Starport  
  68  6:15  SCV  
  71  6:20  Refinery  
  71  6:33  SCV  
  71  6:37  Supply Depot  
  71  6:39  Marine x2, Marauder  
  78  6:40  Marauder  
  78  6:42  Siege Tank  
  81  6:57  Marine  
  81  6:58  Starport Reactor  
  81  7:00  Marauder  
  84  7:02  Marine  
  84  7:03  Marauder  
  87  7:14  Marine  
  88  7:22  Marauder  
  86  7:43  Marine  
  86  7:44  Marauder, Medivac x2  
  88  7:45  Marauder  
  94  8:00  Marine x3  
  94  8:12  Marine  
  94  8:15  Marauder  
  94  8:17  Marauder  
  94  8:22  Marine  
  94  8:23  Medivac  
  94  8:24  Marine, Medivac  
  92  8:33  Siege Tank  
  92  8:36  Marine  
  92  8:40  Marine  
  94  8:47  Marine, Siege Tank, Marauder x2  
  102  8:53  Medivac  
  102  8:54  Viking  
  92  9:06  Marine x2  
  92  9:07  Marine  
  92  9:08  Marine  
  92  9:09  Marauder  
  99  9:14  Barracks  
  99  9:16  Barracks  
Tags
 
Add a new tag
Caveats
  • Supply blocks, unpowered buildings, or Contaminate may cause inaccurate times.
  • Supply counts are checked every 10 seconds.